cohdb
Replays
Latest Replays
All Replays
Popular Replays
Top Player Replays
Match Explorer
How It Works
Community
CoH3 Stats
Reddit
Sign in to upload your games and track your stats! →
Sign in with Steam
Match 27551652
Unlisted
Match 27551652
Overview
Messages
Build Orders
End
Panzergrenadier Squad
Kradschützen Motorcycle Team
Panzergrenadier Squad
Construct Light Support Kompanie
MG34 Team
250 Light Carrier
Fire Support Elements
Selects Armored Support Battlegroup
Selects Salvage Kits
Flakvierling Half-track
Panzerjäger Mechanized Group
2.5-tonne Medical Truck
Selects Panzer Storm
Construct Panzerarmee Kommand
Vehicle Survival Package
le.IG 18 Mechanized Group
Combat Half-tracks
Panzer III L Medium Tank
Selects Stuka Anti-tank Loiter
Panzer III L Medium Tank
Assault Grenadier Squad
Tungsten Core Ammunition
Rapid Advance
MMMMMMMMMMMM
raphaell
0
0
Comments
sign in to comment!
No comments posted yet!